 Dungeon Crawl Stone Soup version 0.30-a0-170-g85af917532 (webtiles) character file.

Game seed: 14510478095964888357

31857 qw the Cleaver (level 13, -7/84 HPs)
             Began as a Gargoyle Fighter on Sept 30, 2022.
             Was a High Priest of Okawaru.
             Mangled by a cane toad (15 damage)
             ... on level 5 of the Lair of Beasts.
             The game lasted 00:05:38 (14252 turns).

qw the Cleaver (Gargoyle Fighter)                  Turns: 14252, Time: 00:05:39

Health: -7/84      AC: 26    Str: 26    XL:     13   Next: 60%
Magic:  20/20      EV: 11    Int:  8    God:    Okawaru [*****.]
Gold:   931        SH:  5    Dex:  9    Spells: 12/12 levels left

rFire   + . .      SeeInvis +    Y - +1 broad axe
rCold   + . .      Faith    .    c - +0 buckler
rNeg    + . .      Spirit   .    k - +0 plate armour
rPois   inf        Reflect  .    (no helmet)
rElec   +          Harm     .    h - scarf {rC+ rF+}
rCorr   .          Rampage  .    a - +1 pair of gloves {hurl}
Will    .....                    (no boots)
Stlth   ..........               (no amulet)
HPRegen 0.24/turn                m - +4 ring of evasion
MPRegen 0.17/turn                p - ring of see invisible

@: no status effects
A: sickness immunity, AC +9, negative energy resistance 1, electricity
resistance, torment resistance 1, petrification resistance
a: Renounce Religion, Heroism, Finesse, Duel


You were on level 5 of the Lair of Beasts.
You worshipped Okawaru.
Okawaru was extremely pleased with you.
You visited 3 branches of the dungeon, and saw 14 of its levels.

You collected 931 gold pieces.


Innate Abilities, Weirdness & Mutations

You are immune to sickness and miasma.
Your stone body is resilient. (AC +9)
You are immune to poison.
You resist negative energy. (rN+)
You are resistant to electric shocks. (rElec)
You are resistant to unholy torment.
You are immune to petrification.


   Skills:
 - Level 11.0 Fighting
 - Level 14.0 Axes
 - Level 4.0 Throwing
 - Level 9.5 Armour
 - Level 2.0 Dodging
 + Level 6.9 Shields
 - Level 10.2 Invocations


You had 12 spell levels left.
You didn't know any spells.
Your spell library was empty.

Inventory:

Hand Weapons
 v - a +2 war axe of flaming
 Y - a +1 broad axe (weapon)
Missiles
 y - 6 boomerangs (quivered)
Armour
 a - a +1 pair of gloves of hurling (worn)
 c - a +0 buckler (worn)
 h - a scarf of resistance (worn)
 k - a +0 plate armour (worn)
 q - the +3 hat of Pondering {ponderous, Will+ MP+10 Int+5}
   (You took it off Gastronok on level 3 of the Lair of Beasts)

   Int:       It affects your intelligence (+5).
   MP:        It affects your magic capacity (+10).
   Will:      It increases your willpower.
 s - a +2 cloak
 x - a +2 scale mail of fire resistance
Jewellery
 e - a ring of fire
 f - a +6 ring of strength
 m - a +4 ring of evasion (left hand)
 p - a ring of see invisible (right hand)
 r - a ring of resist corrosion
 t - the amulet of Mury {Spirit Str+4}
   (You found it on level 8 of the Dungeon)

   [amulet of guardian spirit]

   It causes incoming damage to be divided between your reserves of health and
   magic.
   Str:       It affects your strength (+4).
Scrolls
 j - a scroll of identify
Potions
 b - a potion of haste
 d - 4 potions of might
 g - a potion of brilliance {unknown}
 i - a potion of magic
 n - 2 potions of curing
 o - a potion of lignification {unknown}
 u - a potion of attraction {unknown}
 A - a potion of degeneration {unknown}

Dungeon Overview and Level Annotations

Branches:
Dungeon (8/15)             Temple (1/1) D:5            Lair (5/5) D:8
  Swamp (0/4) Lair:3        Snake (0/4) Lair:2
  Slime: Lair:4-5

Altars:
Ashenzari
Cheibriados
Dithmenos
Elyvilon
Fedhas
Gozag
Hepliaklqana
Kikubaaqudgha
Makhleb
Nemelex Xobeh
Okawaru
Qazlal
Ru
Sif Muna
Trog
Uskayaw
Vehumet
Wu Jian
Xom
Yredelemnul
Zin
The Shining One

Shops:
D:6 =

Portals:
Ice
Cave: Lair:5


Message History

You fall into the shallow water.
Moving in this stuff is going to be slow.
A vampire mosquito, an electric eel, 2 tyrant leeches and a cane toad come into view.
Found six items.
The vampire mosquito buzzes angrily.
The cane toad croaks.
The blink frog blinks!
Enter note:
14248 ||| READING scroll of teleportation.
As you read the scroll of teleportation, it crumbles to dust.
You feel strangely unstable. The vampire mosquito misses you.
The tyrant leech bites you!
14249 ||| Stepping ~*~*~tactically~*~*~ (water).
The vampire mosquito completely misses you.
The vampire mosquito bites you but does no damage.
You block the vampire mosquito's attack.
You block the tyrant leech's attack.
The vampire mosquito bites you but does no damage.
The blink frog blinks!
You see here a book of Spatial Translocations.
You miss the tyrant leech.
You hit the vampire mosquito but do no damage.
You barely miss the tyrant leech.
Your surroundings seem slightly different.
Splash!
You fall into the shallow water.
Moving in this stuff is going to be slow.
You hear a croak.
A blink frog comes into view.
The electric eel shoots out a bolt of lightning at you!
The bolt of electricity hits you. You resist.
You hear the quick crackling of a very distant melting archway.
The blink frog blinks!
14252 ||| Stepping ~*~*~tactically~*~*~ (water).
You feel like a meek peon again.
The vampire mosquito closely misses you.
You block the vampire mosquito's attack.
The blink frog blinks!
You block the vampire mosquito's attack.
The cane toad stings you!
You die...

.~~~ ~~~ ~~~~# ~P~~~
~~~~.# ~~~P~
~~~~~~####~P~~~
~~~~~~#~~.~~~~~
..~~~~~~~~~~~~~ .##
###~~.~~~~~~
~~~~##~~~y~.~~~~~
~~~~.~Sww@F~.~~~~
~~~~~~~$y[$~~~~~~
~~~~.~~~:?$~~.~~~
~~~~~ยค~F~~~~####~
~~~~~~.~~~#####
P~~~~~~~~~~~~.P####
~~~~~~~~#~~~~~~~..####
~~~~~####~~~~~~~~~~~~####
~~P~~~~ #~~~~~~~~P~~.P~#


You could see 2 tyrant leeches, a cane toad, a blink frog, 2 vampire mosquitoes
and an electric eel.

Vanquished Creatures
  Rupert (Lair:4)
  Gastronok (Lair:3)
  An ice dragon (Lair:5)
  A death yak (Lair:2)
  Amaemon (Lair:3)
  Pikel (D:8)
  Maurice (D:8)
  2 black mambas
  10 elephants
  Maggie (Lair:1)
  Joseph (D:8)
  A torpor snail (Lair:2)
  An orange demon (Lair:3)
  12 cane toads
  4 rime drakes
  4 komodo dragons
  A freezing wraith (Lair:3)
  6 polar bears
  Prince Ribbit (Lair:3)
  20 blink frogs
  Sigmund (D:5)
  24 yaks
  3 basilisks
  Grum (D:8)
  3 vampire mosquitoes (Lair:5)
  A steam dragon (D:8)
  Edmund (D:5)
  4 nagas (Lair:2)
  7 water moccasins
  7 ice beasts (Lair:3)
  2 orc warriors
  5 sky beasts (D:7)
  3 black bears
  A centaur (D:8)
  2 ogres
  16 wolves
  4 lemures (D:8)
  12 bullfrogs
  6 scorpions
  A howler monkey (D:6)
  An electric eel (Lair:1)
  4 jellies
  6 hounds
  2 orc priests (D:8)
  A gnoll bouda (D:7)
  4 iguanas
  4 orc wizards
  Natasha (thrice) (D:4)
  7 gnolls
  11 adders
  4 white imps
  An ufetubus (D:7)
  A dart slug (D:1)
  16 orcs
  A bat (D:3)
  11 endoplasms
  A giant cockroach (D:1)
  6 goblins
  2 hobgoblins
  9 jackals
  2 quokkas
  5 ball pythons
  3 frilled lizards
  5 kobolds
  6 rats
  A butterfly (D:5)
292 creatures vanquished.

Vanquished Creatures (others)
  A wolf (D:8)
  23 fungi
  74 plants
98 creatures vanquished.

Grand Total: 390 creatures vanquished

Notes
Turn   | Place    | Note
-------+----------+-------------------------------------------
     0 | D:1      | qw the Gargoyle Fighter began the quest for the Orb.
     0 | D:1      | Reached XP level 1. HP: 14/14 MP: 1/1
     0 | D:1      | 0 ||| qw: Version: 0.2-a-13-gfc7b4b4
     0 | D:1      | 0 ||| qw: Game counter: 1671
     0 | D:1      | 0 ||| qw: Always use a shield: true
     0 | D:1      | 0 ||| qw: God list: Okawaru
     0 | D:1      | 0 ||| qw: Allow faded altars: false
     0 | D:1      | 0 ||| qw: Do Orc after D:15 true
     0 | D:1      | 0 ||| qw: Do second Lair branch before Depths: true
     0 | D:1      | 0 ||| qw: Lair rune preference: random
     0 | D:1      | 0 ||| qw: Plans: Normal, Zot:1-4, God:TSO, Crypt, Tomb,
                  | Pan, Slime:5, Hells, Abyss, Orb
     0 | D:1      | 0 ||| PLANNING D:1-11
    35 | D:1      | Reached skill level 2 in Axes
   117 | D:1      | Reached XP level 2. HP: 19/19 MP: 2/2
   146 | D:1      | 146 ||| Stepping ~*~*~tactically~*~*~ (hiding).
   149 | D:1      | 149 ||| Stepping ~*~*~tactically~*~*~ (hiding).
   497 | D:1      | Found a faded altar of an unknown god.
   676 | D:1      | 676 ||| UPGRADING to +0 plate armour.
   686 | D:1      | 686 ||| DROPPING +0 scale mail.
   687 | D:1      | 687 ||| READING scroll labelled HUFUISTRYRIG.
   687 | D:1      | Identified a scroll of acquirement
   687 | D:1      | 687 ||| ACQUIRING +1 pair of gloves of hurling
   687 | D:1      | Acquired a +1 pair of gloves of hurling
   689 | D:1      | 689 ||| UPGRADING to +1 pair of gloves of hurling.
   694 | D:1      | 694 ||| READING scroll labelled NUAQITHR SUOSH.
   795 | D:1      | 795 ||| READING scroll labelled VEPSOM DAQUUVU.
   796 | D:1      | 796 ||| READING scroll labelled RYNTAE CUODA.
   797 | D:1      | 797 ||| READING scroll labelled IDENE ZECSUXTE.
   802 | D:1      | 802 ||| READING scroll labelled HEPRUNWU BAHAP.
   831 | D:2      | Reached skill level 3 in Axes
   845 | D:2      | Identified the +0 robe "Irabbuxi" {+Inv rPois Dex+7 Slay-6}
   850 | D:2      | Reached XP level 3. HP: 23/23 MP: 3/3
  1246 | D:2      | 1246 ||| Stepping ~*~*~tactically~*~*~ (stealth).
  1262 | D:2      | Reached XP level 4. HP: 26/28 MP: 4/4
  1381 | D:2      | Reached skill level 4 in Axes
  1488 | D:2      | 1488 ||| UPGRADING to scarf of resistance.
  1493 | D:2      | 1493 ||| DROPPING +1 pair of gloves.
  1494 | D:2      | 1494 ||| READING scroll labelled TOSOVY MIFESMY.
  1683 | D:3      | 1683 ||| DROPPING +0 club.
  1688 | D:3      | 1688 ||| Stepping ~*~*~tactically~*~*~ (hiding).
  1798 | D:3      | 1798 ||| Stepping ~*~*~tactically~*~*~ (stealth).
  1809 | D:3      | 1809 ||| Stepping ~*~*~tactically~*~*~ (stealth).
  1811 | D:3      | 1811 ||| Stepping ~*~*~tactically~*~*~ (stealth).
  1844 | D:3      | 1844 ||| Stepping ~*~*~tactically~*~*~ (stealth).
  1858 | D:3      | 1858 ||| Stepping ~*~*~tactically~*~*~ (stealth).
  2000 | D:3      | 2000 ||| FLEEEEING.
  2001 | D:3      | 2001 ||| FLEEEEING.
  2002 | D:3      | 2002 ||| FLEEEEING.
  2003 | D:3      | 2003 ||| FLEEEEING.
  2004 | D:3      | 2004 ||| FLEEEEING.
  2005 | D:3      | 2005 ||| FLEEEEING.
  2006 | D:3      | 2006 ||| FLEEEEING.
  2007 | D:3      | 2007 ||| FLEEEEING.
  2008 | D:3      | 2008 ||| FLEEEEING.
  2009 | D:3      | 2009 ||| FLEEEEING.
  2022 | D:3      | Reached XP level 5. HP: 22/32 MP: 5/5
  2116 | D:3      | 2116 ||| DROPPING +0 whip.
  2588 | D:3      | 2588 ||| UPGRADING to +4 ring of evasion.
  2635 | D:4      | 2635 ||| STAIRDANCE
  2710 | D:4      | Reached skill level 5 in Axes
  3019 | D:4      | Noticed Natasha
  3020 | D:4      | 3020 ||| Stepping ~*~*~tactically~*~*~ (stealth).
  3029 | D:4      | Killed Natasha
  3030 | D:4      | Reached XP level 6. HP: 29/38 MP: 6/6
  3073 | D:4      | Noticed Natasha
  3082 | D:4      | Killed Natasha
  3215 | D:4      | Noticed Natasha
  3218 | D:4      | 3218 ||| Stepping ~*~*~tactically~*~*~ (hiding).
  3219 | D:4      | 3219 ||| Stepping ~*~*~tactically~*~*~ (hiding).
  3223 | D:4      | Killed Natasha
  3329 | D:4      | Found a sacrificial altar of Ru.
  3467 | D:4      | 3467 ||| UPGRADING to ring of resist corrosion.
  3468 | D:4      | 3468 ||| READING scroll labelled HICOWKOHEL.
  3469 | D:4      | 3469 ||| READING scroll labelled MUTIBAO TEIHICAFRI.
  3470 | D:4      | 3470 ||| DRINKING 2 green potions.
  3496 | D:5      | Entered Level 5 of the Dungeon
  3517 | D:5      | 3517 ||| Stepping ~*~*~tactically~*~*~ (stealth).
  3525 | D:5      | 3525 ||| Stepping ~*~*~tactically~*~*~ (stealth).
  3546 | D:5      | Reached skill level 6 in Axes
  3555 | D:5      | Reached XP level 7. HP: 43/43 MP: 7/7
  3609 | D:5      | Found a staircase to the Ecumenical Temple.
  3610 | D:5      | 3610 ||| PLANNING TEMPLE
  3610 | D:5      | 3610 ||| READING scroll labelled WYTWUI HIYRGH.
  3624 | D:5      | 3624 ||| FLEEEEING.
  3625 | D:5      | 3625 ||| FLEEEEING.
  3626 | D:5      | 3626 ||| FLEEEEING.
  3627 | D:5      | 3627 ||| FLEEEEING.
  3628 | D:5      | 3628 ||| FLEEEEING.
  3629 | D:5      | 3629 ||| FLEEEEING.
  3630 | D:5      | 3630 ||| FLEEEEING.
  3631 | D:5      | 3631 ||| FLEEEEING.
  3632 | D:5      | 3632 ||| FLEEEEING.
  3633 | D:5      | 3633 ||| FLEEEEING.
  3634 | D:5      | 3634 ||| FLEEEEING.
  3636 | D:5      | 3636 ||| FLEEEEING.
  3638 | D:5      | 3638 ||| FLEEEEING.
  3639 | D:5      | 3639 ||| FLEEEEING.
  3640 | D:5      | 3640 ||| FLEEEEING.
  3641 | D:5      | 3641 ||| FLEEEEING.
  3642 | D:5      | 3642 ||| FLEEEEING.
  3643 | D:5      | 3643 ||| FLEEEEING.
  3644 | D:5      | 3644 ||| FLEEEEING.
  3645 | D:5      | 3645 ||| FLEEEEING.
  3646 | D:5      | 3646 ||| STAIRDANCE
  3672 | D:5      | 3672 ||| STAIRDANCE
  3719 | Temple   | Entered the Ecumenical Temple
  3719 | Temple   | Found a transporter.
  3719 | Temple   | Found a transporter.
  3721 | Temple   | Found a transporter.
  3721 | Temple   | Found a transporter.
  3731 | Temple   | 3731 ||| PLANNING D:1-11
  3743 | Temple   | 3743 ||| PLANNING OKAWARU WORSHIP
  3743 | Temple   | Became a worshipper of Warmaster Okawaru
  3744 | Temple   | 3744 ||| PLANNING D:1-11
  3880 | D:5      | 3880 ||| Stepping ~*~*~tactically~*~*~ (hiding).
  3883 | D:5      | 3883 ||| Stepping ~*~*~tactically~*~*~ (hiding).
  3884 | D:5      | 3884 ||| Stepping ~*~*~tactically~*~*~ (hiding).
  3885 | D:5      | 3885 ||| Stepping ~*~*~tactically~*~*~ (hiding).
  3886 | D:5      | 3886 ||| Stepping ~*~*~tactically~*~*~ (hiding).
  4012 | D:5      | Noticed Edmund
  4026 | D:5      | Killed Edmund
  4027 | D:5      | Reached skill level 7 in Axes
  4029 | D:5      | 4029 ||| DROPPING +0 flail.
  4081 | D:5      | Noticed Sigmund
  4082 | D:5      | 4082 ||| Stepping ~*~*~tactically~*~*~ (hiding).
  4087 | D:5      | 4087 ||| DRINKING potion of curing.
  4087 | D:5      | 4087 ||| (to cure confusion)
  4090 | D:5      | Killed Sigmund
  4090 | D:5      | Reached * piety under Okawaru
  4091 | D:5      | Reached XP level 8. HP: 47/50 MP: 8/8
  4147 | D:5      | 4147 ||| INVOKING Heroism.
  4148 | D:5      | 4148 ||| INVOKING Heroism.
  4155 | D:5      | Reached skill level 1 in Dodging
  4155 | D:5      | Reached skill level 1 in Invocations
  4253 | D:5      | 4253 ||| READING scroll labelled TABUOR DOEKYACZES.
  4284 | D:6      | Found a basalt altar of Yredelemnul.
  4285 | D:6      | 4285 ||| INVOKING Heroism.
  4306 | D:6      | Found a sparkling altar of Nemelex Xobeh.
  4323 | D:6      | 4323 ||| Stepping ~*~*~tactically~*~*~ (hiding).
  4445 | D:6      | Reached skill level 1 in Throwing
  4536 | D:6      | 4536 ||| INVOKING Heroism.
  4548 | D:6      | Reached skill level 3 in Invocations
  4689 | D:6      | Found Duptuire's Jewellery Emporium.
  4692 | D:6      | 4692 ||| SHOPLISTING +4 ring of protection (468 gold, have
                  | 227).
  4692 | D:6      | 4692 ||| SHOPLISTING amulet "Fieh" {Reflect rN+ SH+5} (535
                  | gold, have 227).
  4692 | D:6      | 4692 ||| SHOPLISTING ring of positive energy (260 gold,
                  | have 227).
  4952 | D:6      | 4952 ||| INVOKING Heroism.
  4953 | D:6      | 4953 ||| Stepping ~*~*~tactically~*~*~ (stealth).
  4962 | D:6      | Reached skill level 8 in Axes
  4963 | D:6      | Reached ** piety under Okawaru
  4964 | D:6      | Reached skill level 6 in Fighting
  4964 | D:6      | Reached XP level 9. HP: 53/56 MP: 10/12
  5152 | D:6      | 5152 ||| INVOKING Heroism.
  5192 | D:6      | 5192 ||| Stepping ~*~*~tactically~*~*~ (stealth).
  5248 | D:6      | 5248 ||| READING scroll labelled TIEPRU NOCEU.
  5249 | D:6      | 5249 ||| READING scroll labelled FAGHAQA EGOURPH.
  5250 | D:6      | 5250 ||| READING 2 scrolls of identify.
  5250 | D:6      | 5250 ||| IDENTIFYING fuming inky potion
  5251 | D:6      | 5251 ||| DROPPING potion of ambrosia.
  5304 | D:7      | 5304 ||| INVOKING Heroism.
  5313 | D:7      | 5313 ||| Stepping ~*~*~tactically~*~*~ (hiding).
  5314 | D:7      | 5314 ||| Stepping ~*~*~tactically~*~*~ (hiding).
  5435 | D:7      | 5435 ||| Stepping ~*~*~tactically~*~*~ (stealth).
  5437 | D:7      | 5437 ||| INVOKING Heroism.
  5623 | D:7      | Reached skill level 9 in Axes
  5793 | D:7      | Found a white marble altar of Elyvilon.
  6038 | D:8      | Noticed Joseph
  6039 | D:8      | 6039 ||| Stepping ~*~*~tactically~*~*~ (hiding).
  6040 | D:8      | 6040 ||| Stepping ~*~*~tactically~*~*~ (hiding).
  6043 | D:8      | 6043 ||| INVOKING Heroism.
  6049 | D:8      | Killed Joseph
  6049 | D:8      | Reached *** piety under Okawaru
  6051 | D:8      | HP: 13/58 [orc priest/divine providence (15)]
  6052 | D:8      | 6052 ||| READING 4 scrolls of teleportation.
  6117 | D:8      | Noticed Grum
  6118 | D:8      | 6118 ||| Stepping ~*~*~tactically~*~*~ (stealth).
  6123 | D:8      | 6123 ||| Stepping ~*~*~tactically~*~*~ (stealth).
  6298 | D:8      | 6298 ||| Stepping ~*~*~tactically~*~*~ (hiding).
  6413 | D:8      | 6413 ||| INVOKING Heroism.
  6415 | D:8      | 6415 ||| Stepping ~*~*~tactically~*~*~ (hiding).
  6422 | D:8      | Reached skill level 6 in Armour
  6440 | D:8      | 6440 ||| Stepping ~*~*~tactically~*~*~ (stealth).
  6518 | D:8      | Reached XP level 10. HP: 60/64 MP: 13/13
  6551 | D:8      | 6551 ||| INVOKING Heroism.
  6563 | D:8      | Killed Grum
  6688 | D:8      | Noticed Maurice
  6689 | D:8      | Noticed Pikel
  6691 | D:8      | 6691 ||| INVOKING Heroism.
  6702 | D:8      | Killed Maurice
  6703 | D:8      | Reached skill level 10 in Axes
  6713 | D:8      | 6713 ||| INVOKING Heroism.
  6716 | D:8      | Killed Pikel
  6716 | D:8      | Reached **** piety under Okawaru
  6728 | D:8      | 6728 ||| INVOKING Heroism.
  6880 | D:8      | Found a staircase to the Lair.
  6882 | D:8      | 6882 ||| INVOKING Heroism.
  6983 | D:8      | Identified the amulet of Mury {Spirit Str+4}
  7193 | D:8      | Found a glowing golden altar of the Shining One.
  7283 | D:8      | 7283 ||| PLANNING LAIR
  7283 | D:8      | 7283 ||| DROPPING amulet of guardian spirit.
  7284 | D:8      | 7284 ||| READING scroll labelled YSMAZY SUINUIJISE.
  7285 | D:8      | 7285 ||| DRINKING 2 cyan potions.
  7286 | D:8      | 7286 ||| DROPPING potion of flight.
  7333 | Lair:1   | Entered Level 1 of the Lair of Beasts
  7439 | Lair:1   | Noticed a cane toad
  7440 | Lair:1   | 7440 ||| Stepping ~*~*~tactically~*~*~ (stealth).
  7441 | Lair:1   | 7441 ||| INVOKING Heroism.
  7448 | Lair:1   | Killed a cane toad
  7449 | Lair:1   | Reached skill level 6 in Invocations
  7622 | Lair:1   | 7622 ||| SWAPPING to +0 broad axe.
  7623 | Lair:1   | 7623 ||| DROPPING +1 war axe of draining.
  7748 | Lair:1   | 7748 ||| INVOKING Heroism.
  7764 | Lair:1   | Reached XP level 11. HP: 58/69 MP: 14/16
  7769 | Lair:1   | Reached skill level 11 in Axes
  7904 | Lair:1   | 7904 ||| Stepping ~*~*~tactically~*~*~ (stealth).
  7906 | Lair:1   | 7906 ||| Stepping ~*~*~tactically~*~*~ (stealth).
  7908 | Lair:1   | 7908 ||| INVOKING Heroism.
  7982 | Lair:1   | 7982 ||| INVOKING Heroism.
  8007 | Lair:1   | 8007 ||| INVOKING Heroism.
  8057 | Lair:1   | 8057 ||| INVOKING Heroism.
  8275 | Lair:1   | Noticed Maggie
  8288 | Lair:1   | Killed Maggie
  8367 | Lair:1   | 8367 ||| DROPPING +2 flail of draining.
  8369 | Lair:1   | 8369 ||| INVOKING Heroism.
  8397 | Lair:1   | HP: 14/69 [black mamba (7)]
  8398 | Lair:1   | 8398 ||| READING 4 scrolls of teleportation.
  8580 | Lair:1   | 8580 ||| Stepping ~*~*~tactically~*~*~ (stealth).
  8582 | Lair:1   | 8582 ||| Stepping ~*~*~tactically~*~*~ (stealth).
  8681 | Lair:1   | 8681 ||| INVOKING Heroism.
  8929 | Lair:1   | 8929 ||| UPGRADING to ring of see invisible.
  8931 | Lair:1   | 8931 ||| READING 2 scrolls of identify.
  8931 | Lair:1   | 8931 ||| IDENTIFYING dark potion
  8932 | Lair:1   | 8932 ||| DROPPING potion of invisibility.
  8991 | Lair:2   | Reached skill level 9 in Fighting
  9035 | Lair:2   | 9035 ||| Stepping ~*~*~tactically~*~*~ (hiding).
  9042 | Lair:2   | Reached ***** piety under Okawaru
  9176 | Lair:2   | 9176 ||| READING scroll of enchant weapon.
  9176 | Lair:2   | 9176 ||| ENCHANTING +0 broad axe.
  9209 | Lair:2   | 9209 ||| INVOKING Heroism.
  9350 | Lair:2   | 9350 ||| INVOKING Heroism.
  9354 | Lair:2   | Identified the +7 mace of Butchery {vorpal, Will+ rCorr
                  | Str+2} (Okawaru gifted it to you on level 2 of the Lair of
                  | Beasts)
  9354 | Lair:2   | Received a gift from Okawaru
  9363 | Lair:2   | Reached skill level 9 in Invocations
  9387 | Lair:2   | 9387 ||| Stepping ~*~*~tactically~*~*~ (stealth).
  9414 | Lair:2   | 9414 ||| FLEEEEING.
  9416 | Lair:2   | 9416 ||| FLEEEEING.
  9418 | Lair:2   | 9418 ||| FLEEEEING.
  9419 | Lair:2   | 9419 ||| FLEEEEING.
  9420 | Lair:2   | 9420 ||| FLEEEEING.
  9421 | Lair:2   | 9421 ||| FLEEEEING.
  9422 | Lair:2   | 9422 ||| FLEEEEING.
  9423 | Lair:2   | 9423 ||| FLEEEEING.
  9426 | Lair:2   | 9426 ||| FLEEEEING.
  9427 | Lair:2   | 9427 ||| FLEEEEING.
  9428 | Lair:2   | 9428 ||| FLEEEEING.
  9430 | Lair:2   | 9430 ||| INVOKING Heroism.
  9476 | Lair:2   | 9476 ||| INVOKING Heroism.
  9525 | Lair:2   | 9525 ||| Stepping ~*~*~tactically~*~*~ (stealth).
  9526 | Lair:2   | 9526 ||| Stepping ~*~*~tactically~*~*~ (stealth).
  9527 | Lair:2   | 9527 ||| Stepping ~*~*~tactically~*~*~ (stealth).
  9528 | Lair:2   | 9528 ||| INVOKING Heroism.
  9721 | Lair:2   | Found a hazy altar of Hepliaklqana.
  9760 | Lair:2   | 9760 ||| INVOKING Heroism.
 10214 | Lair:2   | Noticed a death yak
 10215 | Lair:2   | 10215 ||| INVOKING Heroism.
 10216 | Lair:2   | 10216 ||| INVOKING Finesse.
 10229 | Lair:2   | Killed a death yak
 10230 | Lair:2   | Reached skill level 12 in Axes
 10230 | Lair:2   | Reached XP level 12. HP: 76/76 MP: 12/19
 10262 | Lair:2   | 10262 ||| INVOKING Heroism.
 10263 | Lair:2   | Received a gift from Okawaru
 10451 | Lair:2   | Found a staircase to the Snake Pit.
 10556 | Lair:2   | 10556 ||| DROPPING ring of positive energy.
 10557 | Lair:2   | 10557 ||| READING scroll labelled URISOB ANIALL.
 10558 | Lair:2   | 10558 ||| READING scroll labelled PAUH BUXIAX.
 10576 | Lair:2   | 10576 ||| INVOKING Heroism.
 10792 | Lair:2   | 10792 ||| Stepping ~*~*~tactically~*~*~ (stealth).
 10793 | Lair:2   | 10793 ||| Stepping ~*~*~tactically~*~*~ (stealth).
 10794 | Lair:2   | 10794 ||| Stepping ~*~*~tactically~*~*~ (stealth).
 10795 | Lair:2   | 10795 ||| Stepping ~*~*~tactically~*~*~ (stealth).
 10796 | Lair:2   | 10796 ||| Stepping ~*~*~tactically~*~*~ (stealth).
 10797 | Lair:2   | 10797 ||| Stepping ~*~*~tactically~*~*~ (stealth).
 10798 | Lair:2   | 10798 ||| Stepping ~*~*~tactically~*~*~ (stealth).
 10799 | Lair:2   | 10799 ||| Stepping ~*~*~tactically~*~*~ (stealth).
 10800 | Lair:2   | 10800 ||| Stepping ~*~*~tactically~*~*~ (stealth).
 10801 | Lair:2   | 10801 ||| Stepping ~*~*~tactically~*~*~ (stealth).
 10802 | Lair:2   | 10802 ||| Stepping ~*~*~tactically~*~*~ (stealth).
 10819 | Lair:2   | Reached skill level 6 in Shields
 10881 | Lair:3   | 10881 ||| INVOKING Heroism.
 10886 | Lair:3   | 10886 ||| Stepping ~*~*~tactically~*~*~ (stealth).
 10922 | Lair:3   | 10922 ||| Stepping ~*~*~tactically~*~*~ (stealth).
 10958 | Lair:3   | 10958 ||| INVOKING Heroism.
 10959 | Lair:3   | 10959 ||| INVOKING Finesse.
 11021 | Lair:3   | 11021 ||| Stepping randomly (cloudy).
 11037 | Lair:3   | 11037 ||| INVOKING Heroism.
 11211 | Lair:3   | 11211 ||| Stepping ~*~*~tactically~*~*~ (hiding).
 11268 | Lair:3   | Noticed Gastronok
 11269 | Lair:3   | 11269 ||| INVOKING Heroism.
 11285 | Lair:3   | Killed Gastronok
 11357 | Lair:3   | 11357 ||| Stepping ~*~*~tactically~*~*~ (stealth).
 11368 | Lair:3   | Noticed Amaemon
 11369 | Lair:3   | 11369 ||| INVOKING Heroism.
 11378 | Lair:3   | Killed Amaemon
 11378 | Lair:3   | Received a gift from Okawaru
 11575 | Lair:3   | Found a staircase to the Swamp.
 11662 | Lair:3   | Noticed Prince Ribbit
 11663 | Lair:3   | 11663 ||| INVOKING Heroism.
 11675 | Lair:3   | Killed Prince Ribbit
 11682 | Lair:3   | Received a gift from Okawaru
 11683 | Lair:3   | Reached skill level 3 in Throwing
 11811 | Lair:3   | 11811 ||| Stepping ~*~*~tactically~*~*~ (hiding).
 11946 | Lair:3   | 11946 ||| INVOKING Heroism.
 11947 | Lair:3   | 11947 ||| INVOKING Finesse.
 11982 | Lair:3   | 11982 ||| INVOKING Heroism.
 12021 | Lair:3   | 12021 ||| INVOKING Finesse.
 12025 | Lair:3   | 12025 ||| INVOKING Heroism.
 12082 | Lair:3   | 12082 ||| INVOKING Finesse.
 12098 | Lair:3   | 12098 ||| DRINKING 2 puce potions.
 12099 | Lair:3   | 12099 ||| Stepping randomly (cloudy).
 12100 | Lair:3   | 12100 ||| INVOKING Heroism.
 12148 | Lair:3   | 12148 ||| INVOKING Heroism.
 12191 | Lair:3   | 12191 ||| INVOKING Heroism.
 12192 | Lair:3   | 12192 ||| Stepping randomly (cloudy).
 12438 | Lair:3   | 12438 ||| READING 2 scrolls of identify.
 12438 | Lair:3   | 12438 ||| IDENTIFYING coppery potion
 12538 | Lair:4   | Found an opulent altar of Gozag.
 12583 | Lair:4   | 12583 ||| Stepping ~*~*~tactically~*~*~ (stealth).
 12599 | Lair:4   | Reached skill level 13 in Axes
 12796 | Lair:4   | Noticed Rupert
 12797 | Lair:4   | 12797 ||| INVOKING Heroism.
 12805 | Lair:4   | Received a gift from Okawaru
 12808 | Lair:4   | Paralysed by Rupert for 4 turns
 12817 | Lair:4   | HP: 4/77 [Rupert/+0 antimagic great mace (26)]
 12818 | Lair:4   | 12818 ||| READING 3 scrolls of teleportation.
 12819 | Lair:4   | 12819 ||| DRINKING potion of heal wounds.
 13158 | Lair:4   | 13158 ||| INVOKING Heroism.
 13160 | Lair:4   | 13160 ||| DRINKING 3 potions of curing.
 13160 | Lair:4   | 13160 ||| (to cure confusion)
 13174 | Lair:4   | 13174 ||| DRINKING 2 potions of curing.
 13174 | Lair:4   | 13174 ||| (to cure confusion)
 13182 | Lair:4   | Killed Rupert
 13183 | Lair:4   | Reached skill level 9 in Armour
 13183 | Lair:4   | Reached XP level 13. HP: 55/82 MP: 4/20
 13314 | Lair:4   | 13314 ||| INVOKING Heroism.
 13588 | Lair:4   | 13588 ||| READING scroll labelled HYRRA FUIPINTA.
 13589 | Lair:4   | 13589 ||| DRINKING 2 metallic white potions.
 13694 | Lair:4   | 13694 ||| DROPPING potion of berserk rage.
 13718 | Lair:5   | Entered Level 5 of the Lair of Beasts
 13736 | Lair:5   | Found a frozen archway.
 13737 | Lair:5   | 13737 ||| Stepping ~*~*~tactically~*~*~ (stealth).
 13739 | Lair:5   | 13739 ||| Stepping ~*~*~tactically~*~*~ (hiding).
 13749 | Lair:5   | 13749 ||| INVOKING Heroism.
 13783 | Lair:5   | Noticed an ice dragon
 13784 | Lair:5   | 13784 ||| Stepping ~*~*~tactically~*~*~ (hiding).
 13793 | Lair:5   | 13793 ||| INVOKING Finesse.
 13802 | Lair:5   | Killed an ice dragon
 13957 | Lair:5   | 13957 ||| INVOKING Heroism.
 13971 | Lair:5   | Received a gift from Okawaru
 14192 | Lair:5   | 14192 ||| INVOKING Heroism.
 14201 | Lair:5   | Reached skill level 14 in Axes
 14202 | Lair:5   | Identified the +3 crystal plate armour "Jeotzoukh" {rF++
                  | Regen+} (Okawaru gifted it to you on level 5 of the Lair of
                  | Beasts)
 14202 | Lair:5   | Received a gift from Okawaru
 14221 | Lair:5   | 14221 ||| INVOKING Heroism.
 14242 | Lair:5   | HP: 16/83 [cane toad (15)]
 14243 | Lair:5   | 14243 ||| READING 2 scrolls of teleportation.
 14248 | Lair:5   | 14248 ||| READING scroll of teleportation.
 14248 | Lair:5   | HP: 8/84 [tyrant leech (10)]
 14249 | Lair:5   | 14249 ||| Stepping ~*~*~tactically~*~*~ (water).
 14252 | Lair:5   | 14252 ||| Stepping ~*~*~tactically~*~*~ (water).
 14252 | Lair:5   | Mangled by a cane toad

Levels and vault maps discovered:
D:1:      amcnicky_arrival_blooded_trapdoor, layout_rooms,
          chequers_ecumenical_altar_simple_redux
D:2:      layout_basic, serial_corexii_hall, corexii_hall_statues_s,
          corexii_hall_statues_i
D:3:      layout_basic, chequers_decorated_corner
D:4:      layout_cave_pools, nicolae_ru_path_of_blood,
          minmay_misc_feat_diagonals, uniq_natasha
D:5:      layout_cave_pools, minmay_temple_entry_butterflies, uniq_sigmund,
          uniq_edmund
D:6:      layout_loops_ring, chequers_temple_overflow_statue_of_worship,
          serial_shops, nicolae_shop_behind_doors, grunt_tough_drop
D:7:      layout_basic, mainiacjoe_overflow_24_doors
D:8:      layout_rooms, tso_altar, david_lair_shrubbed, sigmund_army, uniq_grum,
          uniq_joseph, uniq_maurice, uniq_pikel
Temple:   hellmonk_temple_divided_pantheon
Lair:1:   layout_small_grid, gammafunk_lair_bear_cave, uniq_maggie
Lair:2:   layout_long_grid, minmay_snake_entry_guardpost_medium, basic_altar,
          grunt_megastairs_3, infiniplex_staircase_pool_2
Lair:3:   layout_gridlike, swamp_mist, ice2_lemuel, uniq_gastronok,
          uniq_prince_ribbit2, uniq_amaemon
Lair:4:   layout_gridlike, basic_altar, minivault_27, uniq_rupert
Lair:5:   minmay_lair_end_frog_pond, layout_small_grid, slime_entry_1,
          portal_ice_cave_entry_animals_and_master, uniq_kirke

Skill      XL: |  1  2  3  4  5  6  7  8  9 10 11 12 13 |
---------------+----------------------------------------+-----
Axes           | 2 3 4 5 6 7 8 9 10 12 13 14 | 14.0
Fighting       | 4 5 6 7 8 9 10 11 | 11.0
Armour         | 4 6 7 9 |  9.5
Dodging        | 1 2 |  2.0
Invocations    | 4 6 10 | 10.2
Throwing       | 1 3 4 |  4.0
Shields        | 4 5 6 |  6.9

Action                   |  1- 3 |  4- 6 |  7- 9 | 10-12 | 13-15 || total
-------------------------+-------+-------+-------+-------+-------++-------
Melee: War axe           |    81 |   129 |   226 |    95 |       ||   531
       Broad axe         |       |       |       |   644 |   116 ||   760
Throw: Boomerang         |       |    24 |    15 |     3 |    11 ||    53
       Javelin           |       |       |       |     9 |     4 ||    13
Invok: Heroism           |       |       |     9 |    36 |     5 ||    50
       Finesse           |       |       |       |     5 |     1 ||     6
  Use: Scroll            |     6 |     3 |     6 |     8 |     3 ||    26
       Potion            |       |     1 |     1 |     5 |     1 ||     8
Armor: Scale mail        |    12 |       |       |       |       ||    12
       Plate armour      |    27 |    91 |   115 |   284 |    84 ||   601
Dodge: Dodged            |    33 |    60 |   109 |   308 |    90 ||   600
Block: Buckler           |    11 |    24 |    51 |   159 |    54 ||   299

Table legend:
 A = Non-vault XP
 B = Vault XP
 C = Vault XP percentage of total XP
 D = Non-vault monster count
 E = Vault monster count
 F = Vault count percentage of total count
                 A         B        C        D         E       F
            +---------+---------+-------+---------+---------+-------
      Total |   24366 |   21144 |  46.5 |     210 |      78 |  27.1
            +---------+---------+-------+---------+---------+-------
        D:1 |      29 |       0 |   0.0 |      15 |       0 |   0.0
        D:2 |      72 |       0 |   0.0 |      22 |       0 |   0.0
        D:3 |      96 |       0 |   0.0 |      19 |       0 |   0.0
        D:4 |     189 |      36 |  16.0 |      12 |       1 |   7.7
        D:5 |     537 |     390 |  42.1 |      11 |       2 |  15.4
        D:6 |    1038 |     128 |  11.0 |      21 |       4 |  16.0
        D:7 |    1224 |       0 |   0.0 |      19 |       0 |   0.0
        D:8 |    1937 |    2300 |  54.3 |      18 |      10 |  35.7
     Lair:1 |    3090 |     933 |  23.2 |      18 |       4 |  18.2
     Lair:2 |    9453 |     754 |   7.4 |      32 |       5 |  13.5
     Lair:3 |     989 |    6192 |  86.2 |       4 |      20 |  83.3
     Lair:4 |    4590 |    1825 |  28.4 |      15 |       1 |   6.2
     Lair:5 |    1122 |    8586 |  88.4 |       4 |      31 |  88.6
            +---------+---------+-------+---------+---------+-------
